Capitals vs Jets

Created - January 22, 2017 at 10:14

Goals
1 2 3 T
Capitals 2 4 0 6
Jets 1 0 0 1
Shots
1 2 3 T
Capitals 16 12 7 35
Jets 10 10 7 27

1st period

1. Capitals , Alexander Ovechkin 31 (Morgan Rielly, Calvin de Haan) at 5:19 (PP)
2. Jets , Hampus Lindholm 6 (Teemu Pulkkinen, Boyd Gordon) at 18:05
3. Capitals , Andrew Desjardins 6 (Ben Chiarot, Ryan McDonagh) at 18:53

Penalties :
Jamie Benn (WPG) for High sticking (Minor) at 0:42, Jamie Benn (WPG) for Cross-checking (Minor) at 4:11, Ben Chiarot (WSH) for Tripping (Minor) at 9:08

2nd period

4. Capitals , David Desharnais 18 (Taylor Hall, Ryan McDonagh) at 1:07
5. Capitals , David Desharnais 19 (Ryan McDonagh, Viktor Stalberg) at 7:23 (PP)
6. Capitals , Alexander Ovechkin 32 (Ryan Kesler, Mathieu Perreault) at 11:47
7. Capitals , Ryan Kesler 22 (Derek Dorsett, Cody Eakin) at 11:51

Penalties :
Nick Holden (WPG) for Holding (Minor) at 6:50, Tobias Enstrom (WPG) for Hooking (Minor) at 17:54

3rd period

No Goal

Penalties :
Ben Chiarot (WSH) for Hooking (Minor) at 10:21, Viktor Stalberg (WSH) for High sticking (Minor) at 13:46

Goalie Stats

Cam Ward (WSH), 26 saves from 27 shots - (0.963), W, 22-9-4, 60:00 minutes
Cory Schneider (WPG), 24 saves from 27 shots - (0.889), L, 23-13-3, 49:16 minutes
Calvin Pickard (WPG), 5 saves from 8 shots - (0.625), 10:44 minutes

Players Stats for Capitals

Player Name              G  A  P  +/- PIM S  H  SB GA TA FO     MP     PP MP  PK MP  
------------------------------------------------------------------------------------
Alexander Ovechkin       2  0  2   0  0   8  0  0  0  0  0/0    18:13   2:24   0:10 
Andrew Desjardins        1  0  1   1  0   4  1  0  0  0  1/2    15:03   0:00   0:47 
Ben Chiarot              0  1  1   3  4   0  0  0  0  0  0/0    15:17   0:00   0:00 
Calvin de Haan           0  1  1  -1  0   2  0  2  0  0  0/0    17:04   1:57   2:54 
Cody Eakin               0  1  1   1  0   0  0  0  0  0  8/12    7:43   0:00   3:16 
David Desharnais         2  0  2   1  0   4  0  0  0  0  11/19  19:11   3:15   1:54 
Derek Dorsett            0  1  1   1  0   1  1  0  0  0  3/5     8:45   2:24   1:54 
Dmitri Orlov             0  0  0   0  0   2  4  0  0  0  0/0    22:38   3:42   3:03 
Jack Johnson             0  0  0   0  0   0  0  0  0  0  0/0     0:00   0:00   0:00 
Mathieu Perreault        0  1  1   0  0   2  0  0  0  0  0/0    18:03   2:24   0:00 
Matt Stajan              0  0  0   1  0   1  0  0  0  0  10/15  14:16   0:00   0:00 
Mike Blunden             0  0  0   1  0   1  2  0  0  0  0/0    14:16   0:00   0:00 
Mike Green               0  0  0   0  0   1  2  0  0  0  0/0    17:12   0:00   0:00 
Morgan Rielly            0  1  1   0  0   1  0  1  0  0  0/0    22:00   1:57   2:51 
Ryan Kesler              1  1  2   1  0   3  2  0  0  0  11/22  20:06   0:00   0:00 
Ryan McDonagh            0  3  3   4  0   2  0  2  0  0  0/0    25:47   3:42   3:06 
Taylor Hall              0  1  1   1  0   0  1  2  0  0  4/8    21:10   3:15   3:53 
Viktor Stalberg          0  1  1   1  2   3  1  1  0  0  0/1    17:16   3:15   0:00 

Players Stats for Jets

Player Name              G  A  P  +/- PIM S  H  SB GA TA FO     MP     PP MP  PK MP  
------------------------------------------------------------------------------------
Adam Lowry               0  0  0   1  0   2  2  0  0  0  1/2     6:56   0:00   1:10 
Boyd Gordon              0  1  1   1  0   1  0  0  0  0  5/9     9:55   0:00   4:09 
Brayden Schenn           0  0  0  -2  0   4  0  0  0  0  0/0    20:24   2:47   0:00 
Brent Seabrook           0  0  0  -1  0   0  1  1  0  0  0/0    22:29   3:21   1:25 
Cam Atkinson             0  0  0  -2  0   3  0  0  0  0  1/4    20:55   2:47   0:31 
David Krejci             0  0  0  -1  0   2  0  0  0  0  9/20   18:47   3:10   0:11 
Erik Gustafsson          0  0  0  -1  0   0  0  2  0  0  0/0    14:08   0:00   0:22 
Frans Nielsen            0  0  0  -1  0   0  0  0  0  0  6/13   13:32   2:47   1:10 
Hampus Lindholm          1  0  1  -1  0   3  3  1  0  0  0/0    22:49   3:21   2:33 
Jamie Benn               0  0  0  -1  4   3  3  1  0  0  0/0    18:34   3:10   0:00 
Jason Zucker             0  0  0  -1  0   2  1  0  0  0  0/0     9:35   0:00   0:00 
Joe Pavelski             0  0  0  -2  0   3  1  0  0  0  8/23   20:47   3:10   0:00 
Nick Bonino              0  0  0  -1  0   1  1  0  0  0  5/10   13:42   0:00   4:07 
Nick Holden              0  0  0  -1  2   2  1  3  0  0  0/0    23:05   2:36   2:47 
Radko Gudas              0  0  0  -1  0   1  0  0  0  0  0/0    16:24   0:00   2:38 
Rickard Rakell           0  0  0  -1  0   0  1  0  0  0  1/3    15:26   0:00   0:00 
Teemu Pulkkinen          0  1  1   1  0   0  0  0  0  0  0/0     5:46   0:00   0:00 
Tobias Enstrom           0  0  0  -1  2   0  0  2  0  0  0/0    21:03   2:36   1:33 

3 Stars

1 - Ryan McDonagh (WSH)
2 - David Desharnais (WSH)
3 - Ryan Kesler (WSH)

Power Play

Capitals - 2 on 4 Attempt(s) - 50.00%
Jets - 0 on 3 Attempt(s) - 0.00%

Penalty Kill

Capitals - 3 on 3 Attempt(s) - 100.00% - Score 0 goal in Penalty Kill
Jets - 2 on 4 Attempt(s) - 50.00% - Score 0 goal in Penalty Kill

Team Stat

Capitals - Hits : 14 - Faceoff Wins : 48 - Blocked Shots : 8 - Penalty Minutes : 6
Jets - Hits : 14 - Faceoff Wins : 36 - Blocked Shots : 10 - Penalty Minutes : 8

Official

Referees : Jean Hebert and Steve Kozari
Linesman : Brandon Gawryletz and Shandor Alphonso

Game Notes

Calvin Pickard enters game at 1:07 of 2nd period
Cory Schneider enters game at 11:51 of 2nd period

Finance

Level 1 -- Attendance: 6000 (100.00%) -- Ticket Income $588,000
Level 2 -- Attendance: 5000 (100.00%) -- Ticket Income $385,000
Level 3 -- Attendance: 2090 (95.00%) -- Ticket Income $150,480
Level 4 -- Attendance: 1016 (100.00%) -- Ticket Income $67,056
Luxury Box -- Attendance: 693 (86.63%) -- Ticket Income $159,390
Game was played at the MTS Center.
Total Attendance: 14799 (98.55%)
Total Ticket Income: $1,349,926
Other Income: $202,489
Total Income: $1,552,415

% Time on Ice - Capitals

Lines # - Real PCT - Wanted PCT - Time Play
Normal Forward
1 - 32% - 33% - 15:39
2 - 29% - 30% - 14:02
3 - 29% - 22% - 14:16
4 - 9% - 15% - 4:27
Normal Defense
1 - 32% - 33% - 15:19
2 - 36% - 26% - 17:12
3 - 25% - 26% - 12:13
4 - 8% - 15% - 3:40
PP Forward
1 - 58% - 60% - 3:15
2 - 42% - 40% - 2:24
PP Defense
1 - 65% - 60% - 3:42
2 - 35% - 40% - 1:57
PK Forward
1 - 68% - 60% - 4:03
2 - 32% - 40% - 1:54
PK Defense
1 - 52% - 60% - 3:06
2 - 48% - 40% - 2:51
PK3 Forward
1 - 0% - 60%
2 - 0% - 40%
PK3 Defense
1 - 0% - 60%
2 - 0% - 40%
44 Forward
1 - 0% - 60%
2 - 0% - 40%
44 Defense
1 - 0% - 60%
2 - 0% - 40%
Last Minute Offensive  - 0:00
Last Minute Defensive  - 0:00
Total
Forward - 60:00
Defense - 60:00

% Time on Ice - Jets

Lines # - Real PCT - Wanted PCT - Time Play
Normal Forward
1 - 36% - 37% - 17:37
2 - 32% - 30% - 15:26
3 - 20% - 21% - 9:35
4 - 12% - 12% - 5:46
Normal Defense
1 - 35% - 34% - 16:55
2 - 32% - 32% - 15:17
3 - 28% - 23% - 13:46
4 - 5% - 11% - 2:26
PP Forward
1 - 53% - 63% - 3:10
2 - 47% - 37% - 2:47
PP Defense
1 - 56% - 70% - 3:21
2 - 44% - 30% - 2:36
PK Forward
1 - 79% - 65% - 4:29
2 - 21% - 35% - 1:10
PK Defense
1 - 53% - 60% - 3:01
2 - 47% - 40% - 2:38
PK3 Forward
1 - 0% - 70%
2 - 0% - 30%
PK3 Defense
1 - 0% - 60%
2 - 0% - 40%
44 Forward
1 - 0% - 50%
2 - 0% - 50%
44 Defense
1 - 0% - 51%
2 - 0% - 49%
Last Minute Offensive  - 0:00
Last Minute Defensive  - 0:00
Total
Forward - 60:00
Defense - 60:00

Play by Play

1st period


0:01 of 1st period - Joe Pavelski wins face-off versus Ryan Kesler in neutral zone.
0:16 of 1st period - Shot by Brayden Schenn.
0:16 of 1st period - Stopped by Cam Ward with a rebound.
0:18 of 1st period - Shot by Hampus Lindholm.
0:18 of 1st period - Stopped by Cam Ward without a rebound.
0:19 of 1st period - David Krejci wins face-off versus David Desharnais in Capitals zone.
0:42 of 1st period - Minor Penalty to Jamie Benn for High sticking.
0:43 of 1st period - Nick Bonino wins face-off versus Derek Dorsett in Jets zone.
0:43 of 1st period - Nick Bonino is hit by Derek Dorsett.
1:13 of 1st period - Shot by Ryan McDonagh.
1:13 of 1st period - Stopped by Cory Schneider without a rebound.
1:14 of 1st period - Taylor Hall wins face-off versus Frans Nielsen in Jets zone.
1:17 of 1st period - Shot by David Desharnais.
1:17 of 1st period - Stopped by Cory Schneider without a rebound.
1:18 of 1st period - Adam Lowry wins face-off versus Taylor Hall in Jets zone.
1:57 of 1st period - Shot by Taylor Hall.
1:57 of 1st period - Shot Misses the Net.
1:59 of 1st period - Shot by Viktor Stalberg.
1:59 of 1st period - Stopped by Cory Schneider without a rebound.
2:00 of 1st period - Derek Dorsett wins face-off versus Frans Nielsen in Jets zone.
2:19 of 1st period - Shot by Dmitri Orlov.
2:19 of 1st period - Stopped by Cory Schneider with a rebound.
2:43 of 1st period - Icing by Nick Holden.
2:44 of 1st period - Andrew Desjardins wins face-off versus Joe Pavelski in Jets zone.
3:04 of 1st period - Brayden Schenn is hit by Mike Green and loses puck.
4:06 of 1st period - Off-side.
4:07 of 1st period - Rickard Rakell wins face-off versus Ryan Kesler in neutral zone.
4:11 of 1st period - Minor Penalty to Jamie Benn for Cross-checking.
4:12 of 1st period - Taylor Hall wins face-off versus Nick Bonino in Jets zone.
4:17 of 1st period - Shot by Viktor Stalberg.
4:17 of 1st period - Shot Hit the Post.
4:19 of 1st period - Shot by Viktor Stalberg.
4:19 of 1st period - Stopped by Cory Schneider without a rebound.
4:20 of 1st period - Nick Bonino wins face-off versus Taylor Hall in Jets zone.
4:36 of 1st period - Icing by Ryan McDonagh.
4:37 of 1st period - Taylor Hall wins face-off versus Nick Bonino in Capitals zone.
4:37 of 1st period - Taylor Hall is hit by Nick Bonino.
4:57 of 1st period - Shot by Ryan McDonagh.
4:57 of 1st period - Stopped by Cory Schneider without a rebound.
4:58 of 1st period - Derek Dorsett wins face-off versus Nick Bonino in Jets zone.
5:15 of 1st period - Shot by Morgan Rielly.
5:15 of 1st period - Shot Misses the Net.
5:17 of 1st period - Shot by Morgan Rielly.
5:17 of 1st period - Shot Blocked by Nick Holden.
5:19 of 1st period - Shot by Alexander Ovechkin.
5:19 of 1st period - Goal by Alexander Ovechkin - Capitals : 1 - Jets : 0.
5:20 of 1st period - David Krejci wins face-off versus David Desharnais in neutral zone.
5:23 of 1st period - Shot by David Krejci.
5:23 of 1st period - Stopped by Cam Ward with a rebound.
5:37 of 1st period - Shot by Viktor Stalberg.
5:37 of 1st period - Shot Blocked by Jamie Benn.
5:39 of 1st period - Shot by David Desharnais.
5:39 of 1st period - Stopped by Cory Schneider with a rebound.
5:44 of 1st period - Icing by Radko Gudas.
5:45 of 1st period - David Krejci wins face-off versus Ryan Kesler in Jets zone.
5:45 of 1st period - David Krejci is hit by Ryan Kesler.
6:07 of 1st period - Shot by Mathieu Perreault.
6:07 of 1st period - Stopped by Cory Schneider with a rebound.
6:09 of 1st period - Shot by Ryan Kesler.
6:09 of 1st period - Shot Blocked by Erik Gustafsson.
6:11 of 1st period - Shot by Calvin de Haan.
6:11 of 1st period - Stopped by Cory Schneider with a rebound.
6:17 of 1st period - Shot by Ryan Kesler.
6:17 of 1st period - Shot Blocked by Erik Gustafsson.
6:19 of 1st period - Shot by Calvin de Haan.
6:19 of 1st period - Stopped by Cory Schneider with a rebound.
6:45 of 1st period - Shot by Viktor Stalberg.
6:45 of 1st period - Shot Hit the Post.
6:47 of 1st period - Shot by Viktor Stalberg.
6:47 of 1st period - Shot Misses the Net.
7:01 of 1st period - Shot by Viktor Stalberg.
7:01 of 1st period - Stopped by Cory Schneider without a rebound.
7:02 of 1st period - Joe Pavelski wins face-off versus Matt Stajan in Jets zone.
7:17 of 1st period - Shot by Joe Pavelski.
7:17 of 1st period - Shot Misses the Net.
7:25 of 1st period - Shot by Mike Blunden.
7:25 of 1st period - Shot Misses the Net.
7:27 of 1st period - Shot by Mike Green.
7:27 of 1st period - Stopped by Cory Schneider with a rebound.
7:46 of 1st period - Joe Pavelski is hit by Mike Green and loses puck.
8:41 of 1st period - Shot by Jason Zucker.
8:41 of 1st period - Shot Blocked by Ryan McDonagh.
8:43 of 1st period - Shot by Frans Nielsen.
8:43 of 1st period - Shot Misses the Net.
9:07 of 1st period - Icing by Ryan Kesler.
9:08 of 1st period - Boyd Gordon wins face-off versus Cody Eakin in Capitals zone.
9:08 of 1st period - Minor Penalty to Ben Chiarot for Tripping.
9:09 of 1st period - David Krejci wins face-off versus Andrew Desjardins in Capitals zone.
9:59 of 1st period - Shot by Andrew Desjardins.
9:59 of 1st period - Stopped by Cory Schneider without a rebound.
10:00 of 1st period - Frans Nielsen wins face-off versus David Desharnais in Jets zone.
10:04 of 1st period - Off-side.
10:05 of 1st period - Cody Eakin wins face-off versus Cam Atkinson in neutral zone.
11:16 of 1st period - Shot by Adam Lowry.
11:16 of 1st period - Stopped by Cam Ward without a rebound.
11:17 of 1st period - Ryan Kesler wins face-off versus Boyd Gordon in Capitals zone.
12:19 of 1st period - Morgan Rielly is hit by Adam Lowry.
12:50 of 1st period - Matt Stajan is hit by Nick Holden.
13:09 of 1st period - Joe Pavelski is hit by Dmitri Orlov and loses puck.
13:17 of 1st period - Off-side.
13:18 of 1st period - David Krejci wins face-off versus Cody Eakin in neutral zone.
14:37 of 1st period - Shot by Nick Holden.
14:37 of 1st period - Stopped by Cam Ward without a rebound.
14:38 of 1st period - Cam Atkinson wins face-off versus Matt Stajan in Capitals zone.
14:38 of 1st period - Radko Gudas is hit by Dmitri Orlov and loses puck.
15:12 of 1st period - Dmitri Orlov is hit by Joe Pavelski and loses puck.
15:36 of 1st period - Off-side.
15:37 of 1st period - Ryan Kesler wins face-off versus David Krejci in neutral zone.
17:01 of 1st period - Shot by Nick Bonino.
17:01 of 1st period - Deflect By Frans Nielsen.
17:01 of 1st period - Shot Blocked by Morgan Rielly.
17:03 of 1st period - Shot by Nick Holden.
17:03 of 1st period - Stopped by Cam Ward with a rebound.
17:05 of 1st period - Shot by Nick Holden.
17:05 of 1st period - Shot Misses the Net.
17:13 of 1st period - Shot by Nick Bonino.
17:13 of 1st period - Shot Blocked by Viktor Stalberg.
17:15 of 1st period - Shot by Nick Bonino.
17:15 of 1st period - Shot Misses the Net.
17:51 of 1st period - Shot by Brayden Schenn.
17:51 of 1st period - Stopped by Cam Ward with a rebound.
17:57 of 1st period - Shot by Joe Pavelski.
17:57 of 1st period - Deflect By Brayden Schenn.
17:57 of 1st period - Shot Misses the Net.
17:59 of 1st period - Shot by Radko Gudas.
17:59 of 1st period - Stopped by Cam Ward with a rebound.
18:01 of 1st period - Shot by Joe Pavelski.
18:01 of 1st period - Stopped by Cam Ward without a rebound.
18:02 of 1st period - Boyd Gordon wins face-off versus Ryan Kesler in Capitals zone.
18:03 of 1st period - Shot by Teemu Pulkkinen.
18:03 of 1st period - Shot Misses the Net.
18:05 of 1st period - Shot by Hampus Lindholm.
18:05 of 1st period - Goal by Hampus Lindholm - Capitals : 1 - Jets : 1.
18:06 of 1st period - Ryan Kesler wins face-off versus Boyd Gordon in neutral zone.
18:25 of 1st period - Off-side.
18:26 of 1st period - Matt Stajan wins face-off versus Cam Atkinson in neutral zone.
18:51 of 1st period - Shot by Andrew Desjardins.
18:51 of 1st period - Shot Misses the Net.
18:53 of 1st period - Shot by Andrew Desjardins.
18:53 of 1st period - Goal by Andrew Desjardins - Capitals : 2 - Jets : 1.
18:54 of 1st period - Ryan Kesler wins face-off versus David Krejci in neutral zone.
19:11 of 1st period - Shot by Ryan Kesler.
19:11 of 1st period - Shot Misses the Net.
19:13 of 1st period - Shot by Dmitri Orlov.
19:13 of 1st period - Deflect By Alexander Ovechkin.
19:13 of 1st period - Stopped by Cory Schneider without a rebound.
19:14 of 1st period - Matt Stajan wins face-off versus Joe Pavelski in Jets zone.
19:54 of 1st period - Shot by Andrew Desjardins.
19:54 of 1st period - Shot Misses the Net.
Goals for this period are 2 for Capitals vs 1 for Jets.
Shots for this period are 16 for Capitals vs 10 for Jets.

2nd period


0:01 of 2nd period - Joe Pavelski wins face-off versus Ryan Kesler in neutral zone.
0:18 of 2nd period - Shot by Alexander Ovechkin.
0:18 of 2nd period - Shot Misses the Net.
0:32 of 2nd period - Shot by Alexander Ovechkin.
0:32 of 2nd period - Stopped by Cory Schneider without a rebound.
0:33 of 2nd period - David Krejci wins face-off versus David Desharnais in Jets zone.
1:07 of 2nd period - Shot by Taylor Hall.
1:07 of 2nd period - Deflect By David Desharnais.
1:07 of 2nd period - Goal by David Desharnais - Capitals : 3 - Jets : 1.
1:07 of 2nd period - Calvin Pickard enters game.
1:08 of 2nd period - Ryan Kesler wins face-off versus Joe Pavelski in neutral zone.
1:40 of 2nd period - Shot by Joe Pavelski.
1:40 of 2nd period - Deflect By Brayden Schenn.
1:40 of 2nd period - Shot Misses the Net.
1:42 of 2nd period - Shot by Joe Pavelski.
1:42 of 2nd period - Stopped by Cam Ward with a rebound.
1:51 of 2nd period - Off-side.
1:52 of 2nd period - David Desharnais wins face-off versus David Krejci in neutral zone.
2:08 of 2nd period - Ryan McDonagh is hit by Jamie Benn and loses puck.
2:29 of 2nd period - Shot by Jamie Benn.
2:29 of 2nd period - Deflect By Rickard Rakell.
2:29 of 2nd period - Shot Misses the Net.
2:48 of 2nd period - Icing by David Krejci.
2:49 of 2nd period - Ryan Kesler wins face-off versus Rickard Rakell in Jets zone.
2:50 of 2nd period - Shot by Mathieu Perreault.
2:50 of 2nd period - Shot Misses the Net.
3:42 of 2nd period - Shot by Jason Zucker.
3:42 of 2nd period - Shot Blocked by Calvin de Haan.
4:12 of 2nd period - Shot by Brayden Schenn.
4:12 of 2nd period - Shot Blocked by Calvin de Haan.
4:14 of 2nd period - Shot by Cam Atkinson.
4:14 of 2nd period - Stopped by Cam Ward without a rebound.
4:15 of 2nd period - Boyd Gordon wins face-off versus David Desharnais in Capitals zone.
4:48 of 2nd period - Shot by Teemu Pulkkinen.
4:48 of 2nd period - Shot Misses the Net.
4:50 of 2nd period - Shot by Boyd Gordon.
4:50 of 2nd period - Stopped by Cam Ward without a rebound.
4:51 of 2nd period - Matt Stajan wins face-off versus Joe Pavelski in Capitals zone.
5:08 of 2nd period - Shot by Cam Atkinson.
5:08 of 2nd period - Stopped by Cam Ward without a rebound.
5:09 of 2nd period - David Krejci wins face-off versus Cody Eakin in Capitals zone.
5:32 of 2nd period - Shot by Jamie Benn.
5:32 of 2nd period - Stopped by Cam Ward with a rebound.
6:49 of 2nd period - Icing by Brent Seabrook.
6:50 of 2nd period - Matt Stajan wins face-off versus Joe Pavelski in Jets zone.
6:50 of 2nd period - Minor Penalty to Nick Holden for Holding.
6:51 of 2nd period - Derek Dorsett wins face-off versus Nick Bonino in Jets zone.
7:09 of 2nd period - Shot by Derek Dorsett.
7:09 of 2nd period - Stopped by Calvin Pickard without a rebound.
7:10 of 2nd period - Nick Bonino wins face-off versus Taylor Hall in Jets zone.
7:23 of 2nd period - Shot by David Desharnais.
7:23 of 2nd period - Goal by David Desharnais - Capitals : 4 - Jets : 1.
7:24 of 2nd period - Joe Pavelski wins face-off versus Ryan Kesler in neutral zone.
7:42 of 2nd period - Cam Atkinson is hit by Ryan Kesler and loses puck.
8:04 of 2nd period - Alexander Ovechkin is hit by Hampus Lindholm and loses puck.
8:07 of 2nd period - Shot by Morgan Rielly.
8:07 of 2nd period - Stopped by Calvin Pickard without a rebound.
8:08 of 2nd period - Frans Nielsen wins face-off versus David Desharnais in Jets zone.
8:08 of 2nd period - Frans Nielsen is hit by Viktor Stalberg.
8:18 of 2nd period - Shot by Nick Bonino.
8:18 of 2nd period - Stopped by Cam Ward without a rebound.
8:19 of 2nd period - Matt Stajan wins face-off versus David Krejci in Capitals zone.
8:25 of 2nd period - Icing by Dmitri Orlov.
8:26 of 2nd period - Frans Nielsen wins face-off versus Matt Stajan in Capitals zone.
8:29 of 2nd period - Shot by Jason Zucker.
8:29 of 2nd period - Stopped by Cam Ward with a rebound.
8:32 of 2nd period - Icing by Ryan McDonagh.
8:33 of 2nd period - Matt Stajan wins face-off versus Frans Nielsen in Capitals zone.
9:14 of 2nd period - Shot by Matt Stajan.
9:14 of 2nd period - Stopped by Calvin Pickard without a rebound.
9:15 of 2nd period - Ryan Kesler wins face-off versus Joe Pavelski in Jets zone.
9:30 of 2nd period - Shot by Alexander Ovechkin.
9:30 of 2nd period - Stopped by Calvin Pickard without a rebound.
9:31 of 2nd period - David Desharnais wins face-off versus David Krejci in Jets zone.
10:14 of 2nd period - Icing by Rickard Rakell.
10:15 of 2nd period - Ryan Kesler wins face-off versus David Krejci in Jets zone.
10:42 of 2nd period - Shot by Ryan Kesler.
10:42 of 2nd period - Stopped by Calvin Pickard without a rebound.
10:43 of 2nd period - Matt Stajan wins face-off versus Joe Pavelski in Jets zone.
11:09 of 2nd period - Icing by Morgan Rielly.
11:10 of 2nd period - Matt Stajan wins face-off versus Frans Nielsen in Capitals zone.
11:47 of 2nd period - Shot by Alexander Ovechkin.
11:47 of 2nd period - Goal by Alexander Ovechkin - Capitals : 5 - Jets : 1.
11:48 of 2nd period - Cody Eakin wins face-off versus Joe Pavelski in neutral zone.
11:51 of 2nd period - Shot by Ryan Kesler.
11:51 of 2nd period - Goal by Ryan Kesler - Capitals : 6 - Jets : 1.
11:51 of 2nd period - Cory Schneider enters game.
11:52 of 2nd period - Cody Eakin wins face-off versus Joe Pavelski in neutral zone.
12:36 of 2nd period - Shot by Joe Pavelski.
12:36 of 2nd period - Stopped by Cam Ward without a rebound.
12:37 of 2nd period - David Krejci wins face-off versus David Desharnais in Capitals zone.
13:10 of 2nd period - Shot by Viktor Stalberg.
13:10 of 2nd period - Shot Blocked by Tobias Enstrom.
13:22 of 2nd period - Shot by David Krejci.
13:22 of 2nd period - Shot Misses the Net.
13:44 of 2nd period - Icing by Ryan McDonagh.
13:45 of 2nd period - Joe Pavelski wins face-off versus Matt Stajan in Capitals zone.
13:48 of 2nd period - Shot by Brayden Schenn.
13:48 of 2nd period - Stopped by Cam Ward with a rebound.
14:03 of 2nd period - Icing by Mike Blunden.
14:04 of 2nd period - Frans Nielsen wins face-off versus Matt Stajan in Capitals zone.
14:08 of 2nd period - Icing by Ryan McDonagh.
14:09 of 2nd period - Matt Stajan wins face-off versus Cam Atkinson in Capitals zone.
14:59 of 2nd period - Nick Holden is hit by Mike Blunden.
15:53 of 2nd period - Icing by Dmitri Orlov.
15:54 of 2nd period - Boyd Gordon wins face-off versus Ryan Kesler in Capitals zone.
16:17 of 2nd period - Icing by Radko Gudas.
16:18 of 2nd period - Boyd Gordon wins face-off versus Viktor Stalberg in Jets zone.
16:18 of 2nd period - Boyd Gordon is hit by Taylor Hall.
16:24 of 2nd period - Shot by Adam Lowry.
16:24 of 2nd period - Stopped by Cam Ward without a rebound.
16:25 of 2nd period - David Desharnais wins face-off versus David Krejci in Capitals zone.
17:29 of 2nd period - Shot by Andrew Desjardins.
17:29 of 2nd period - Shot Blocked by Hampus Lindholm.
17:36 of 2nd period - Mike Blunden is hit by Hampus Lindholm and loses puck.
17:50 of 2nd period - Andrew Desjardins is hit by Hampus Lindholm and loses puck.
17:54 of 2nd period - Minor Penalty to Tobias Enstrom for Hooking.
17:55 of 2nd period - Nick Bonino wins face-off versus Derek Dorsett in Jets zone.
18:24 of 2nd period - Shot by Mathieu Perreault.
18:24 of 2nd period - Stopped by Cory Schneider without a rebound.
18:25 of 2nd period - Taylor Hall wins face-off versus Nick Bonino in Jets zone.
18:34 of 2nd period - Shot by Ryan McDonagh.
18:34 of 2nd period - Shot Blocked by Nick Holden.
18:38 of 2nd period - Shot by Dmitri Orlov.
18:38 of 2nd period - Stopped by Cory Schneider without a rebound.
18:39 of 2nd period - Nick Bonino wins face-off versus Taylor Hall in Jets zone.
19:11 of 2nd period - Shot by David Desharnais.
19:11 of 2nd period - Shot Misses the Net.
Goals for this period are 4 for Capitals vs 0 for Jets.
Shots for this period are 12 for Capitals vs 10 for Jets.

3rd period


0:01 of 3rd period - Ryan Kesler wins face-off versus Joe Pavelski in neutral zone.
0:06 of 3rd period - Shot by Ryan Kesler.
0:06 of 3rd period - Stopped by Cory Schneider with a rebound.
0:30 of 3rd period - Cam Atkinson is hit by Dmitri Orlov and loses puck.
1:31 of 3rd period - Shot by Nick Bonino.
1:31 of 3rd period - Shot Blocked by Taylor Hall.
1:46 of 3rd period - Icing by Ryan McDonagh.
1:47 of 3rd period - David Desharnais wins face-off versus Boyd Gordon in Capitals zone.
1:47 of 3rd period - David Desharnais is hit by Adam Lowry.
2:13 of 3rd period - Teemu Pulkkinen is hit by Mike Blunden and loses puck.
2:39 of 3rd period - Shot by Andrew Desjardins.
2:39 of 3rd period - Deflect By Mike Blunden.
2:39 of 3rd period - Stopped by Cory Schneider without a rebound.
2:40 of 3rd period - Joe Pavelski wins face-off versus Ryan Kesler in Jets zone.
2:45 of 3rd period - Shot by Alexander Ovechkin.
2:45 of 3rd period - Stopped by Cory Schneider without a rebound.
2:46 of 3rd period - Joe Pavelski wins face-off versus Ryan Kesler in Jets zone.
3:02 of 3rd period - Icing by Calvin de Haan.
3:03 of 3rd period - Frans Nielsen wins face-off versus Ryan Kesler in Capitals zone.
3:04 of 3rd period - Shot by Hampus Lindholm.
3:04 of 3rd period - Stopped by Cam Ward with a rebound.
3:22 of 3rd period - Shot by Alexander Ovechkin.
3:22 of 3rd period - Stopped by Cory Schneider without a rebound.
3:23 of 3rd period - Joe Pavelski wins face-off versus David Desharnais in Jets zone.
3:36 of 3rd period - Shot by Joe Pavelski.
3:36 of 3rd period - Shot Misses the Net.
4:02 of 3rd period - Shot by Viktor Stalberg.
4:02 of 3rd period - Shot Misses the Net.
4:45 of 3rd period - Shot by Mathieu Perreault.
4:45 of 3rd period - Shot Misses the Net.
4:47 of 3rd period - Shot by Calvin de Haan.
4:47 of 3rd period - Shot Misses the Net.
5:22 of 3rd period - Shot by Andrew Desjardins.
5:22 of 3rd period - Shot Misses the Net.
5:24 of 3rd period - Shot by Andrew Desjardins.
5:24 of 3rd period - Shot Blocked by Brent Seabrook.
5:34 of 3rd period - Shot by Andrew Desjardins.
5:34 of 3rd period - Stopped by Cory Schneider without a rebound.
5:35 of 3rd period - David Desharnais wins face-off versus Rickard Rakell in Jets zone.
6:44 of 3rd period - Off-side.
6:45 of 3rd period - Cody Eakin wins face-off versus Boyd Gordon in neutral zone.
7:09 of 3rd period - Icing by Calvin de Haan.
7:10 of 3rd period - Cody Eakin wins face-off versus Frans Nielsen in Capitals zone.
7:21 of 3rd period - Shot by Dmitri Orlov.
7:21 of 3rd period - Shot Misses the Net.
7:29 of 3rd period - Shot by Cody Eakin.
7:29 of 3rd period - Shot Blocked by Tobias Enstrom.
8:07 of 3rd period - Nick Bonino is hit by Andrew Desjardins and loses puck.
8:27 of 3rd period - Mike Green is hit by Jamie Benn and loses puck.
8:32 of 3rd period - Morgan Rielly is hit by Rickard Rakell and loses puck.
8:49 of 3rd period - Shot by Jamie Benn.
8:49 of 3rd period - Stopped by Cam Ward with a rebound.
8:51 of 3rd period - Shot by Radko Gudas.
8:51 of 3rd period - Shot Misses the Net.
9:41 of 3rd period - Off-side.
9:42 of 3rd period - Ryan Kesler wins face-off versus Adam Lowry in neutral zone.
9:45 of 3rd period - Shot by Alexander Ovechkin.
9:45 of 3rd period - Stopped by Cory Schneider without a rebound.
9:46 of 3rd period - Ryan Kesler wins face-off versus Joe Pavelski in Jets zone.
10:02 of 3rd period - Alexander Ovechkin is hit by Brent Seabrook and loses puck.
10:08 of 3rd period - Icing by Nick Holden.
10:09 of 3rd period - David Desharnais wins face-off versus Joe Pavelski in Jets zone.
10:10 of 3rd period - Shot by Taylor Hall.
10:10 of 3rd period - Shot Blocked by Nick Holden.
10:12 of 3rd period - Shot by Ryan McDonagh.
10:12 of 3rd period - Shot Misses the Net.
10:21 of 3rd period - Minor Penalty to Ben Chiarot for Hooking.
10:22 of 3rd period - Cody Eakin wins face-off versus David Krejci in Capitals zone.
10:41 of 3rd period - Shot by Joe Pavelski.
10:41 of 3rd period - Shot Blocked by Taylor Hall.
10:47 of 3rd period - Shot by Joe Pavelski.
10:47 of 3rd period - Shot Blocked by Ryan McDonagh.
10:49 of 3rd period - Shot by David Krejci.
10:49 of 3rd period - Stopped by Cam Ward with a rebound.
11:24 of 3rd period - Brayden Schenn is hit by Dmitri Orlov and loses puck.
11:54 of 3rd period - Off-side.
11:55 of 3rd period - David Desharnais wins face-off versus Joe Pavelski in neutral zone.
12:32 of 3rd period - Shot by Mathieu Perreault.
12:32 of 3rd period - Shot Misses the Net.
13:14 of 3rd period - Off-side.
13:15 of 3rd period - Matt Stajan wins face-off versus David Krejci in neutral zone.
13:43 of 3rd period - Shot by Matt Stajan.
13:43 of 3rd period - Deflect By Andrew Desjardins.
13:43 of 3rd period - Stopped by Cory Schneider without a rebound.
13:44 of 3rd period - David Desharnais wins face-off versus Joe Pavelski in Jets zone.
13:46 of 3rd period - Minor Penalty to Viktor Stalberg for High sticking.
13:47 of 3rd period - Frans Nielsen wins face-off versus Cody Eakin in Capitals zone.
13:54 of 3rd period - Shot by Frans Nielsen.
13:54 of 3rd period - Shot Misses the Net.
14:11 of 3rd period - Shot by Brayden Schenn.
14:11 of 3rd period - Stopped by Cam Ward with a rebound.
14:13 of 3rd period - Shot by Cam Atkinson.
14:13 of 3rd period - Stopped by Cam Ward without a rebound.
14:14 of 3rd period - Cody Eakin wins face-off versus David Krejci in Capitals zone.
14:14 of 3rd period - Cody Eakin is hit by Jamie Benn.
14:31 of 3rd period - Icing by Joe Pavelski.
14:32 of 3rd period - Cody Eakin wins face-off versus David Krejci in Jets zone.
15:07 of 3rd period - Shot by Jamie Benn.
15:07 of 3rd period - Stopped by Cam Ward without a rebound.
15:08 of 3rd period - David Desharnais wins face-off versus Frans Nielsen in Capitals zone.
15:14 of 3rd period - Icing by Frans Nielsen.
15:15 of 3rd period - David Desharnais wins face-off versus Frans Nielsen in Jets zone.
16:05 of 3rd period - Icing by Morgan Rielly.
16:06 of 3rd period - David Krejci wins face-off versus Ryan Kesler in Capitals zone.
17:03 of 3rd period - Icing by Ryan McDonagh.
17:04 of 3rd period - David Desharnais wins face-off versus Joe Pavelski in Capitals zone.
18:04 of 3rd period - Dmitri Orlov is hit by Jason Zucker and loses puck.
18:32 of 3rd period - Shot by Jason Zucker.
18:32 of 3rd period - Stopped by Cam Ward with a rebound.
19:36 of 3rd period - Shot by Ryan Kesler.
19:36 of 3rd period - Deflect By Alexander Ovechkin.
19:36 of 3rd period - Shot Misses the Net.
Goals for this period are 0 for Capitals vs 0 for Jets.
Shots for this period are 7 for Capitals vs 7 for Jets.